 Dungeon Crawl Stone Soup version 0.17.1-1-g73c8601 (webtiles) character file.

170 abixa the Skirmisher (level 5, -1/51 HPs)
             Began as a Minotaur Hunter on Dec 26, 2015.
             Slain by a mummy (14 damage)
             ... in an ossuary.
             The game lasted 00:09:09 (2572 turns).

abixa the Skirmisher (Minotaur Hunter)              Turns: 2572, Time: 00:09:10

Health: -1/51      AC:  5    Str: 16    XL:     5   Next: 25%
Magic:  4/4        EV: 11    Int:  8    God:
Gold:   101        SH:  0    Dex: 12    Spells: 0 memorised, 4 levels left

rFire  . . .     SeeInvis .     b - +0 short sword
rCold  . . .     Clarity  .     m - +0 ring mail
rNeg   . . .     SustAt   .     (no shield)
rPois  .         Gourm    .     (helmet restricted)
rElec  .         Spirit   .     (no cloak)
rCorr  .         Warding  .     (no gloves)
rMut   .         Stasis   .     (no boots)
MR     .....                    (no amulet)
Stlth  +.........               (no ring)
                                (no ring)

@: not resistant to hostile enchantments, very unstealthy
A: retaliatory headbutt, horns 2
a: no special abilities


You were in an ossuary.
You were very hungry.

You visited 1 branch of the dungeon, and saw 4 of its levels.
You also visited: Ossuary.

You collected 101 gold pieces.

Inventory:

Hand Weapons
 a - a +1 hand crossbow
 b - a +0 short sword (weapon)
 r - a +0 hunting sling
Missiles
 d - 25 bolts
 n - 11 stones (quivered)
Armour
 m - a +0 ring mail (worn)
Jewellery
 t - an uncursed amulet of regeneration {unknown}
Scrolls
 c - 2 scrolls of magic mapping {unknown}
 h - 2 scrolls of enchant weapon {unknown}
 i - a scroll of random uselessness {unknown}
 j - 3 scrolls of identify {unknown}
 p - 3 scrolls of recharging {unknown}
 v - a scroll of remove curse {unknown}
Potions
 f - a potion of curing {unknown}
 g - a potion of degeneration {unknown}
 k - 2 potions of heal wounds {unknown}
 u - a potion of resistance {unknown}
Books
 o - a book of Annihilations

   Spells                             Type                      Level
   a - Poison Arrow                   Conjuration/Poison           6
   b - Chain Lightning                Conjuration/Air              8
   c - Lehudib's Crystal Spear        Conjuration/Earth            8
   d - Glaciate                       Conjuration/Ice              9
   e - Fire Storm                     Conjuration/Fire             9
 s - a book of Minor Magic

   Spells                             Type                      Level
   a - Magic Dart                     Conjuration                  1
   b - Blink                          Translocation                2
   c - Call Imp                       Summoning                    2
   d - Repel Missiles                 Charms/Air                   2
   e - Slow                           Hexes                        2
   f - Conjure Flame                  Conjuration/Fire             3
   g - Mephitic Cloud                 Conjuration/Poison/Air       3
Comestibles
 e - 2 bread rations
 l - a meat ration


   Skills:
 + Level 6.7 Fighting
 - Level 4.3 Crossbows
 - Level 2.1 Dodging
 - Level 0.7 Stealth


You had 4 spell levels left.
You didn't know any spells.

Dungeon Overview and Level Annotations

Branches:
Dungeon (4/15)
 Temple: D:4-7

Altars:
Cheibriados

Annotations:
D:1 potion (disint)


Innate Abilities, Weirdness & Mutations

You reflexively headbutt those who attack you in melee.
You have a pair of horns on your head.


Message History

You headbutt the big kobold zombie! You barely miss the big kobold zombie.
Your headbutt misses the big kobold zombie.
The big kobold zombie closely misses you.
You furiously retaliate!
You headbutt the big kobold zombie! You hit the big kobold zombie.
You destroy the big kobold zombie!
You hit the mummy.
The mummy is severely damaged.
The mummy hits you!!
You hit the mummy.
The mummy is severely damaged.
The mummy hits you!!
* * * LOW HITPOINT WARNING * * *
You hit the mummy but do no damage. You headbutt the mummy.
The mummy is almost destroyed.
The mummy hits you.
* * * LOW HITPOINT WARNING * * *
The mummy hits you!
You die...

#....#
#..((#
#..(.#
#....#
#....#
#....#
#...(#
#..MM#
#.∩∩@#
######


You could see 2 mummies.

Vanquished Creatures
  A worker ant (D:4)
  2 big kobold zombies (Ossuary)
  3 mummies
  An adder (D:2)
  2 worms (D:2)
  7 goblins
  7 hobgoblins
  6 jackals
  4 kobolds
  3 quokkas
  4 bats
  6 giant cockroaches
  2 giant newts
  2 gnoll zombies (Ossuary)
  A hobgoblin zombie (Ossuary)
  4 kobold zombies
  An orc zombie (Ossuary)
  A rat (D:2)
57 creatures vanquished.

Vanquished Creatures (others)
  4 toadstools (D:1)
4 creatures vanquished.

Grand Total: 61 creatures vanquished

Notes
Turn   | Place    | Note
--------------------------------------------------------------
     0 | D:1      | abixa the Minotaur Hunter began the quest for the Orb.
     0 | D:1      | Reached XP level 1. HP: 18/18 MP: 0/0
   227 | D:1      | Reached XP level 2. HP: 23/26 MP: 1/1
   873 | D:2      | Reached XP level 3. HP: 26/33 MP: 2/2
  1793 | D:2      | Reached skill level 5 in Fighting
  2006 | D:4      | Reached XP level 4. HP: 38/42 MP: 3/3
  2028 | D:4      | Found a snail-covered altar of Cheibriados.
  2124 | D:4      | Found a sand-covered staircase.
  2161 | Ossuary  | Entered an ossuary
  2285 | Ossuary  | Reached skill level 6 in Fighting
  2307 | Ossuary  | Reached XP level 5. HP: 10/51 MP: 4/4
  2572 | Ossuary  | Slain by a mummy

Action                   |  1- 3 |  4- 6 || total
-------------------------+-------+-------++-------
Melee: Short sword       |   120 |    71 ||   191
 Fire: Hand crossbow     |     3 |     8 ||    11
  Eat: Chunk             |     3 |     1 ||     4
